 Dungeon Crawl Stone Soup version 0.20-a0-1124-g2e29d97 (webtiles) character file.

3 Goblin1989 the Sneak (level 1, -3/10 HPs)
             Began as a Spriggan Assassin on May 15, 2017.
             Slain by a worm (11 damage)
             ... on level 2 of the Dungeon.
             The game lasted 00:00:52 (80 turns).

Goblin1989 the Sneak (Spriggan Assassin)              Turns: 80, Time: 00:00:52

Health: -3/10      AC:  3    Str:  7    XL:     1   Next: 41%
Magic:  2/2        EV: 17    Int: 12    God:
Gold:   0          SH:  0    Dex: 17    Spells: 0/0 levels left

rFire    . . .     SeeInvis +   a - +2 dagger
rCold    . . .     Gourm    .   (shield restricted)
rNeg     . . .     Faith    .   c - +0 robe
rPois    .         Spirit   .   (helmet restricted)
rElec    .         Reflect  .   d - +0 cloak
rCorr    .         Harm     .   (gloves unavailable)
MR       .....                  (boots unavailable)
Stlth    +++.......             (no amulet)
Regen    0.1/turn               (no ring)
MPRegen  0.1/turn               (no ring)

@: very quick
A: unfitting armour, see invisible, herbivore 3, speed 3, slow metabolism 2
a: no special abilities


You were on level 2 of the Dungeon.
You were not hungry.

You visited 1 branch of the dungeon, and saw 2 of its levels.

Inventory:

Hand Weapons
 a - a +2 dagger (weapon)
 w - a +0 blowgun {@w1}
Missiles
 f - 2 curare-tipped needles
 g - 8 poisoned needles
 i - 20 stones (quivered)
 k - 32 bolts
Armour
 b - a +0 robe
 c - a +0 robe (worn)
 d - a +0 cloak (worn)
Scrolls
 h - a scroll of enchant armour {unknown}
Potions
 j - a potion of curing {unknown}
Comestibles
 e - a bread ration {@e1}


   Skills:
 - Level 1.5 Fighting
 - Level 2.1 Short Blades
 - Level 2.0 Throwing
 - Level 1.5 Dodging
 + Level 6.2 Stealth


You couldn't memorise any spells.
You didn't know any spells.

Dungeon Overview and Level Annotations

Branches:
Dungeon (2/15)

Altars:

Annotations:
D:2 exclusion: Jessica, Jessica


Innate Abilities, Weirdness & Mutations

You are very small and have problems with some larger weapons.
You are too small for most types of armour.
You have supernaturally acute eyesight. (SInv)
You are a herbivore.
You cover ground extremely quickly.
You need consume almost no food.


Message History

w - a +0 blowgun;
e - a bread ration;
g - 8 poisoned needles Welcome, Goblin1989 the Spriggan Assassin.
Will you be the one to retrieve the fabulous Orb of Zot from the depths?
Press ? for a list of commands and other information.
Found a staircase leading out of the dungeon.
You open the door.
There is an open door here.
You open the door.
There is an open door here.
There is an open door here.
Found a stone staircase leading down.
A kobold comes into view. It is wielding a club.
There is a stone staircase leading down here.
You see here a robe.
b - a robe
There is a stone staircase leading down here.
Unknown command.
You climb downwards.
A worm comes into view.
There is a stone staircase leading up here.
A rat comes into view.
You see here a scroll labeled QEANUMI RORYNU.
h - a scroll labeled QEANUMI RORYNU The helpless worm fails to defend itself.
You impale the worm!!
You kill the worm!
Your Stealth skill increases to level 6!
You see here 18 stones.
i - 18 stones
j - a red potion
There are no items here.
A hobgoblin comes into view. It is wielding a club.
A worm comes into view.
You don't know any spells.
You don't know any spells.
A kobold comes into view. It is wielding a whip.
The hobgoblin shouts!
You don't know any spells.
The kobold throws a stone.
The stone barely misses you.
You closely miss the hobgoblin. The hobgoblin closely misses you.
The hobgoblin completely misses you.
You see here 15 bolts.
k - 15 bolts The kobold throws a stone.
The stone hits you but does no damage. The hobgoblin barely misses you.
The kobold throws a stone.
The stone hits you.
You see here a stone.
You take 2 damage, and have 8/10 hp.
A rat comes into view.
The kobold throws a stone.
The stone closely misses you.
The kobold throws a stone.
The stone completely misses you.
Things that are here:
a stone; 17 bolts
k - 32 bolts (gained 17);
i - 19 stones (gained 1)
You see here a stone.
i - 20 stones (gained 1) Marking area around Jessica as unsafe for travelling.
Jessica the Apprentice Sorceress comes into view.
A worm comes into view.
The worm bites you!
Ouch! That really hurt!
You die...

█.█ █...█ █.█ █. ..█
█..$███.███. █@█
█........... █.█
█.███.....(. █.█
█.....((w...
█.█████..██.█.███.
█...g..K..........
█.████.█.██.█.███.
█@█ █.█.██.█.█ █.
█.....w....█.██.█.█
█.
█.........r..........
█.████...█████.███...
██.██ .. █[█ █.█ █.█


You could see a worm, Jessica (sleeping) and a rat (sleeping).

Vanquished Creatures
  A worm (D:2)
1 creature vanquished.

Notes
Turn   | Place    | Note
-------+----------+-------------------------------------------
     0 | D:1      | Goblin1989 the Spriggan Assassin began the quest for the Orb.
     0 | D:1      | Reached XP level 1. HP: 10/10 MP: 2/2
    46 | D:2      | Reached skill level 6 in Stealth
    78 | D:2      | Noticed Jessica
    80 | D:2      | Slain by a worm

Vault maps used:
D:1:      dpeg_arrival_rooms_a
D:2:      first_bread, serial_bayou_lake_a, uniq_terence, uniq_jessica

Skill      XL: |  1 |
---------------+----+-----
Stealth        | 6 |  6.2
Fighting       | |  1.5
Short Blades   | |  2.1
Throwing       | |  2.0
Dodging        | |  1.5

Action                   || total
-------------------------++-------
Melee: Dagger            ||     2
 Stab: Sleeping          ||     1
Armor: Robe              ||     1
Dodge: Dodged            ||     6

Vault maps used:
D:1:      dpeg_arrival_rooms_a
D:2:      first_bread, serial_bayou_lake_a, uniq_terence, uniq_jessica
